 Dungeon Crawl Stone Soup version 0.17-a0-764-gd40c196 (console) character file.

406 sose the Chiller (level 6, -1/41 HPs)
             Began as a Merfolk Ice Elementalist on Apr 23, 2015.
             Was a Follower of Okawaru.
             Slain by an orc wizard
             ... wielding a +0 dagger
              (4 damage)
             ... on level 4 of the Dungeon.
             The game lasted 00:10:22 (4394 turns).

sose the Chiller (Merfolk Ice Elementalist)         Turns: 4394, Time: 00:10:22

Health: -1/41      AC:  3    Str:  8    XL:     6   Next: 87%
Magic:  3/10       EV: 13    Int: 17    God:    Okawaru [*.....]
Gold:   106        SH:  0    Dex: 14    Spells: 4 memorised, 0 levels left

rFire  . . .     SeeInvis .     e - +0 spear
rCold  . . .     Clarity  .     a - +0 robe
rNeg   . . .     SustAb   .     (no shield)
rPois  .         Gourm    .     (no helmet)
rElec  .         Spirit   .     k - +0 cloak
rCorr  .         Warding  .     (no gloves)
rMut   .         Stasis   .     (no boots)
MR     .....                    (no amulet)
Stlth  ++........               (no ring)
                                h - ring of wizardry

@: not resistant to hostile enchantments, unstealthy
A: change form in water, swift swim
a: Heroism, Renounce Religion


You were on level 4 of the Dungeon.
You worshipped Okawaru.
Okawaru was aware of your devotion.
You were very hungry.

You visited 1 branch of the dungeon, and saw 4 of its levels.

You collected 106 gold pieces.

Inventory:

Hand weapons
 e - a +0 spear (weapon)
Armour
 a - a +0 robe (worn)
 k - a +0 cloak (worn)
Jewellery
 h - a ring of wizardry (left hand)
Magical devices
 c - a wand of slowing (24)
 t - a wand of lightning (7)
Scrolls
 d - 2 scrolls of amnesia {unknown}
 l - 2 scrolls of teleportation {unknown}
 n - a scroll of noise {unknown}
 o - a scroll of identify {unknown}
 p - a scroll of immolation {unknown}
 v - a scroll of remove curse {unknown}
Potions
 f - a potion of flight {unknown}
 i - 2 potions of heal wounds {unknown}
 j - a potion of magic {unknown}
 m - 2 potions of might {unknown}
 u - a potion of lignification {unknown}
Books
 b - a book of Frost

   Spells                             Type                      Level
   a - Freeze                         Ice                          1
   b - Throw Frost                    Conjuration/Ice              2
   c - Ozocubu's Armour               Charms/Ice                   3
   d - Throw Icicle                   Conjuration/Ice              4
   e - Summon Ice Beast               Ice/Summoning                4
   f - Condensation Shield            Ice                          4
Comestibles
 r - a meat ration
 s - 2 bread rations


   Skills:
 - Level 5.0 Polearms
 + Level 3.2 Dodging
 - Level 2.1 Stealth
 + Level 2.9 Spellcasting
 + Level 2.3 Conjurations
 + Level 5.5 Ice Magic


You couldn't memorise any spells.
You knew the following spells:

 Your Spells              Type           Power        Failure   Level  Hunger
a - Freeze                Ice            ###.         1%          1    None
b - Throw Frost           Conj/Ice       ###...       2%          2    ##.....
c - Ozocubu's Armour      Chrm/Ice       ##......     7%          3    ###....
d - Throw Icicle          Conj/Ice       ###.....     16%         4    ####...


Dungeon Overview and Level Annotations

Branches:
Dungeon (4/15)
 Temple: D:4-7

Altars:
Okawaru


Message History

The orc wizard blinks!
You hear some strange, mumbled words.
You are confused.
You barely miss something.
The orc wizard hits you but does no damage.
The orc wizard mumbles some strange words.
The orc wizard blinks!
You closely miss something.
The orc wizard casts a spell.
The orc wizard blinks!
Something hits you but does no damage.
You feel less confused. The orc wizard hits you with a dagger.
* * * LOW HITPOINT WARNING * * *
Something hits you.
* * * LOW HITPOINT WARNING * * *
Drink which item? (? for menu, Esc to quit)
You feel better. The orc wizard hits you with a dagger.
* * * LOW HITPOINT WARNING * * *
Something hits you.
You die...

###### #......'.<.'.>.....#
#....######...##########...#
#....#..###...##########...#
#.{..{....#.................
######....#....'................#
.....o#+###....#................#
....#....##'#####....##..##.###'#
....Z....##...###o...###+##.#....
....##...##.....@...........+....
.#'## ...##.................#....
.#. ...#).................#....
.'. ...+..................#....
.#. ...##....###+######+###....
.#. ...##....# ##+#. o#. .
+...... #. .#' #..... #. #..
#+###


You could see an orc wizard.

Vanquished Creatures
  A water moccasin (D:3)
  A centaur skeleton (D:4)
  An orc priest (D:3)
  2 orc wizards
  7 adders
  3 gnolls
  An ooze (D:1)
  2 worms (D:2)
  7 giant geckos
  6 orcs
  A ball python (D:2)
  6 bats
  9 goblins
  10 hobgoblins
  9 kobolds
  A quokka (D:2)
  9 giant cockroaches
  3 giant newts
  9 rats
88 creatures vanquished.

Notes
Turn   | Place    | Note
--------------------------------------------------------------
     0 | D:1      | sose, the Merfolk Ice Elementalist, began the quest for the Orb.
     0 | D:1      | Reached XP level 1. HP: 13/13 MP: 3/3
    67 | D:1      | Found an iron altar of Okawaru.
    90 | D:1      | Reached XP level 2. HP: 19/19 MP: 3/5
    92 | D:1      | Reached skill level 4 in Ice Magic
   103 | D:1      | Became a worshipper of Warmaster Okawaru
   372 | D:1      | Learned a level 2 spell: Throw Frost
   383 | D:1      | Reached XP level 3. HP: 17/24 MP: 6/6
  1116 | D:2      | Reached skill level 5 in Ice Magic
  1129 | D:2      | Learned a level 3 spell: Ozocubu's Armour
  1222 | D:2      | Reached skill level 1 in Conjurations
  1250 | D:2      | Reached skill level 1 in Polearms
  1250 | D:2      | Reached XP level 4. HP: 20/30 MP: 3/7
  2539 | D:3      | Reached XP level 5. HP: 29/35 MP: 4/8
  3522 | D:3      | Reached XP level 6. HP: 30/41 MP: 0/9
  3948 | D:3      | Noticed a water moccasin
  3964 | D:3      | Killed a water moccasin
  3964 | D:3      | Acquired Okawaru's first power
  3964 | D:3      | Reached skill level 5 in Polearms
  3986 | D:3      | Learned a level 4 spell: Throw Icicle
  4385 | D:4      | HP: 2/41 [orc wizard/magic dart (6)]
  4393 | D:4      | HP: 1/41 [something (3)]
  4394 | D:4      | Slain by an orc wizard

Action                   |  1- 3 |  4- 6 || total
-------------------------+-------+-------++-------
Melee: Spear             |   118 |   197 ||   315
       Unarmed           |     1 |       ||     1
 Cast: Freeze            |    20 |    67 ||    87
       Ozocubu's Armour  |       |     3 ||     3
       Throw Frost       |       |     4 ||     4
       Throw Icicle      |       |     2 ||     2
  Use: Potion            |       |     2 ||     2
 Stab: Sleeping          |     8 |     3 ||    11
  Eat: Chunk             |     2 |     6 ||     8
       Bread ration      |       |     1 ||     1
